 Dungeon Crawl Stone Soup version 0.19.1-1-g22dce08 (webtiles) character file.

376 Peloso the Slasher (level 6, -3/52 HPs)
             Began as a Ghoul Gladiator on Dec 31, 2016.
             Slain by Duvessa
             ... wielding a cursed +0 rapier
              (8 damage)
             ... on level 5 of the Dungeon.
             The game lasted 00:06:47 (2139 turns).

Peloso the Slasher (Ghoul Gladiator)                Turns: 2139, Time: 00:06:48

Health: -3/52      AC: 10    Str: 19    XL:     6   Next: 73%
Magic:  5/5        EV:  8    Int:  3    God:
Gold:   145        SH:  0    Dex: 11    Spells: 0 memorised, 5 levels left

rFire  . . .     SeeInvis .     a - +1 long sword
rCold  + . .     Gourm    +     e - +0 chain mail
rNeg   + + +     Faith    .     (no shield)
rPois  ∞         Spirit   .     c - +0 helmet
rElec  .         Reflect  .     (no cloak)
rCorr  .         Harm     .     (no gloves)
MR     .....                    m - +0 pair of boots
Stlth  ..........               p - amulet of the gourmand
                                k - ring of flight
                                q - ring of wizardry

@: rotting
A: rotting body, claws 1, carnivore 3, cold resistance 1, negative energy
resistance 3, slow regeneration 1, torment resistance, unbreathing
a: Evoke Flight


You were on level 5 of the Dungeon.
You were not hungry.

You visited 1 branch of the dungeon, and saw 5 of its levels.

You collected 145 gold pieces.

Inventory:

Hand Weapons
 a - a +1 long sword (weapon)
Missiles
 d - 3 throwing nets (quivered)
Armour
 b - a +0 leather armour
 c - a +0 helmet (worn)
 e - a +0 chain mail (worn)
 m - a +0 pair of boots (worn)
Jewellery
 k - a ring of flight (right claw)
 p - an amulet of the gourmand (around neck)
 q - a ring of wizardry (left claw)
Wands
 i - a wand of polymorph (15/24)
Potions
 g - a potion of beneficial mutation
 j - a potion of flight
 n - a potion of brilliance
 o - a potion of degeneration {unknown}
 r - a potion of lignification {unknown}
Comestibles
 f - a meat ration
 l - 6 chunks of flesh
 s - a beef jerky


   Skills:
 + Level 3.7 Fighting
 + Level 5.2 Long Blades
 + Level 2.0 Throwing
 + Level 1.9 Armour
 + Level 3.3 Dodging


You had 5 spell levels left.
You didn't know any spells.

Dungeon Overview and Level Annotations

Branches:
Dungeon (4/15)
 Temple: D:4-7

Altars:
Gozag
Makhleb
Nemelex Xobeh
Sif Muna
Uskayaw
Xom

Annotations:
D:5 Duvessa


Innate Abilities, Weirdness & Mutations

Your body is rotting away.
You thrive on raw meat.
You are immune to poison.
You have sharp fingernails.
You are carnivorous and can eat meat at any time.
Your flesh is cold resistant. (rC+)
You are immune to negative energy. (rN+++)
You regenerate slowly when monsters are visible.
You are immune to unholy pain and torment.
You can survive without breathing.


Message History

HP restored.
Duvessa, Sister of Dowan comes into view.
She is wielding a rapier.
Duvessa shouts!
Duvessa is nearby!
Duvessa drinks a potion.
Duvessa goes berserk!
You hear a shout!
You hit Duvessa.
Duvessa is lightly wounded.
Duvessa hits you with a rapier! x2
You slash Duvessa!
Duvessa is moderately wounded.
Duvessa hits you with a rapier! x2
You slash Duvessa!
Duvessa is moderately wounded.
Duvessa hits you with a rapier!
* * * LOW HITPOINT WARNING * * *
You hit Duvessa but do no damage.
Duvessa is moderately wounded.
Duvessa hits you with a rapier!
You die...

###.... ..
#.....###+##e..
#.........(....
###.............#
................#
...........#.#
.........###.# ####
#####+##e###.###..#######
##@##.##.#........
##.....##........
##...###....)..#
#.....#######...
#.##.##.# .. ..# #.# #..
. ... #.# ... ... #.# ..#
.. ... ..#


You could see Duvessa (berserk).

Vanquished Creatures
  Grinder (D:3)
  Ijyb (D:3)
  Natasha (D:3)
  7 adders
  3 oozes
  3 worms (D:2)
  A dart slug (D:1)
  A leopard gecko (D:3)
  5 orcs (D:3)
  2 ball pythons
  A giant cockroach (D:1)
  7 goblins
  5 hobgoblins
  A jackal (D:1)
  4 kobolds
  2 quokkas
  3 bats
  6 frilled lizards
  6 rats
60 creatures vanquished.

Notes
Turn   | Place    | Note
-------+----------+-------------------------------------------
     0 | D:1      | Peloso the Ghoul Gladiator began the quest for the Orb.
     0 | D:1      | Reached XP level 1. HP: 17/17 MP: 0/0
   100 | D:1      | Reached skill level 3 in Long Blades
   170 | D:1      | Reached XP level 2. HP: 23/23 MP: 1/1
   350 | D:1      | Reached XP level 3. HP: 30/30 MP: 2/2
   747 | D:2      | Found an opulent altar of Gozag.
   790 | D:2      | Found a deep blue altar of Sif Muna.
   899 | D:2      | Reached XP level 4. HP: 28/37 MP: 3/3
  1013 | D:2      | Found a shimmering altar of Xom.
  1015 | D:2      | Found an iron altar of Okawaru.
  1015 | D:2      | Found a glowing silver altar of Zin.
  1017 | D:2      | Found a burning altar of Makhleb.
  1017 | D:2      | Found a shimmering altar of Xom.
  1017 | D:2      | Found a hide-covered altar of Uskayaw.
  1269 | D:3      | Noticed Grinder
  1299 | D:3      | Paralysed by Grinder for 4 turns
  1307 | D:3      | Paralysed by Grinder for 4 turns
  1320 | D:3      | Paralysed by Grinder for 3 turns
  1328 | D:3      | Killed Grinder
  1328 | D:3      | Reached skill level 4 in Long Blades
  1328 | D:3      | Reached skill level 1 in Armour
  1328 | D:3      | Reached XP level 5. HP: 28/45 MP: 4/4
  1328 | D:3      | Reached XP level 6. HP: 32/51 MP: 5/5
  1405 | D:3      | Found a faded altar of an unknown god.
  1413 | D:3      | Reached skill level 5 in Long Blades
  1458 | D:3      | Found a sparkling altar of Nemelex Xobeh.
  1459 | D:3      | Found a hide-covered altar of Uskayaw.
  1501 | D:3      | Noticed Natasha
  1514 | D:3      | Killed Natasha
  1545 | D:3      | Noticed Ijyb
  1574 | D:3      | Killed Ijyb
  2113 | D:4      | You fall through a shaft!
  2113 | D:5      | Entered Level 5 of the Dungeon
  2126 | D:5      | Noticed Duvessa
  2139 | D:5      | Slain by Duvessa

Skill      XL: |  1  2  3  4  5  6 |
---------------+-------------------+-----
Long Blades    | 3 4 5 |  5.2
Dodging        | 3 |  3.3
Throwing       | 2 |  2.0
Fighting       | 3 |  3.7
Armour         | 1 |  1.9

Action                   |  1- 3 |  4- 6 || total
-------------------------+-------+-------++-------
Melee: Long sword        |   104 |   168 ||   272
  Use: Potion            |     2 |     2 ||     4
       Scroll            |       |     8 ||     8
  Eat: Chunk             |     2 |     6 ||     8
Armor: Chain mail        |    75 |    86 ||   161
       Leather armour    |     4 |       ||     4
Dodge: Dodged            |    50 |    57 ||   107
       Rpst.: Long sword |    18 |    15 ||    33
